 Dungeon Sprint DCSS version 0.27.1-33-g824d729ab1 (webtiles) character file.

Game seed: 18252984514169301317

289 Adenis the Shield-Bearer (level 6, -16/44 HPs)
             Began as a Gargoyle Fighter on Dec 3, 2021.
             Demolished by Sonja (17 damage)
             ... in the Dungeon (Sprint I: "Red Sonja").
             The game lasted 00:01:02 (272 turns).

Adenis the Shield-Bearer (Gargoyle Fighter)          Turns: 272, Time: 00:01:07

Health: -16/44     AC: 12    Str: 22    XL:     6   Next: 31%
Magic:  6/6        EV:  8    Int:  8    God:
Gold:   162        SH: 11    Dex:  9    Spells: 5/5 levels left

rFire    . . .     SeeInvis .   a - +0 flail
rCold    . . .     Faith    .   c - +0 kite shield
rNeg     + . .     Spirit   .   b - +0 scale mail
rPois    ∞         Reflect  .   (no helmet)
rElec    +         Harm     .   (no cloak)
rCorr    .         Rampage  .   (no gloves)
Will     .....     NoTele   +   (no boots)
Stlth    ..........             (no amulet)
HPRegen  0.14/turn              (no ring)
MPRegen  0.10/turn              (no ring)

@: no status effects
A: sickness immunity, AC +4, negative energy resistance 1, electricity
resistance, torment resistance 1, petrification resistance
a: no special abilities


You were in the Dungeon.
You visited 1 branch You collected 162 gold pieces.

Inventory:

Hand Weapons
 a - a +0 flail (weapon)
Armour
 b - a +0 scale mail (worn)
 c - a +0 kite shield (worn)
 k - a +0 pair of boots
Scrolls
 j - a scroll of blinking
 l - a scroll of magic mapping {unknown}
Potions
 d - a potion of might
 e - a potion of curing
 f - a potion of heal wounds
 g - 2 potions of haste
 h - 2 potions of magic
 i - a potion of berserk rage


   Skills:
 + Level 7.2 Fighting
 + Level 6.9 Maces & Flails
 + Level 7.5 Armour
 + Level 0.9 Dodging
 + Level 0.1 Stealth
 + Level 7.9 Shields


You had 5 spell levels left.
You didn't know any spells.
Your spell library was empty.

Dungeon Overview and Level Annotations

Branches:
Dungeon (1/1)

Altars:
Sif Muna
Vehumet
Wu Jian

Annotations:
D Sonja


Innate Abilities, Weirdness & Mutations

You are immune to sickness and miasma.
Your stone body is resilient. (AC +4)
You are immune to poison.
You resist negative energy. (rN+)
You are resistant to electric shocks. (rElec)
You are resistant to unholy torment.
You are immune to petrification.


Message History

You see here a +0 pair of boots.
k - a +0 pair of boots You sock the jelly!
Your hands burn!
The jelly is severely wounded.
The jelly hits you but does no damage.
You hit the jelly.
You kill the jelly!
l - a scroll labelled NESMAM UHYCS
There is a shimmering blue altar of Sif Muna here.
You open the door.
Found a potion of haste.
There is an open door here.
g - 2 potions of haste (gained 1)
There is an open door here.
There is a shimmering blue altar of Sif Muna here.
There is an ornate altar of the Wu Jian Council here.
There is a shimmering blue altar of Sif Muna here.
There is a radiant altar of Vehumet here.
You open the door.
Sonja, the Graceful Assassin comes into view.
She is wielding a +1 short sword of distortion and quivering curare-tipped darts.
Found 108 gold pieces.
Sonja casts a spell.
Sonja blinks!
There is an open door here.
Sonja throws a curare-tipped dart.
The curare-tipped dart hits you.
Sonja gestures wildly while chanting.
Sonja blinks!
Sonja twirls her cape.
You block Sonja's attack.
Sonja hits you with a +1 short sword of distortion.
You block Sonja's attack.
You closely miss Sonja. You block Sonja's attack.
Sonja hits you but does no damage. Sonja barely misses you.
You closely miss Sonja. You block Sonja's attack. x2
Sonja hits you but does no damage. Space warps horribly around you!!
Sonja completely misses you. Sonja hits you but does no damage.
Space warps horribly around you!!
* * * LOW HITPOINT WARNING * * *
Sonja hits you but does no damage. Space warps horribly around you!
You die...

#..#
#..#
#.#
#..#
####
##.#
#..#
#+#_.+
#⌠⌠#
+..._#
####
#_.#'#
##'#.#
##.###


+$K$+ #$@$# ##.## #+# You could see Sonja.

Vanquished Creatures
  Sigmund (D)
  An ogre (D)
  A jelly (D)
  Ijyb (D)
4 creatures vanquished.

Notes
Turn   | Place    | Note
-------+----------+-------------------------------------------
     0 | D        | Adenis the Gargoyle Fighter began the quest for the Orb.
     0 | D        | Reached XP level 1. HP: 14/14 MP: 1/1
     2 | D        | Noticed Ijyb
    27 | D        | Killed Ijyb
    28 | D        | Reached XP level 2. HP: 10/20 MP: 2/2
    28 | D        | Reached XP level 3. HP: 13/24 MP: 3/3
   180 | D        | Noticed an ogre
   185 | D        | Killed an ogre
   186 | D        | Reached skill level 5 in Fighting
   186 | D        | Reached XP level 4. HP: 32/32 MP: 4/4
   212 | D        | Noticed Sigmund
   226 | D        | Killed Sigmund
   227 | D        | Reached XP level 5. HP: 38/38 MP: 5/5
   227 | D        | Reached XP level 6. HP: 44/44 MP: 6/6
   241 | D        | Found an ornate altar of the Wu Jian Council.
   241 | D        | Found a shimmering blue altar of Sif Muna.
   243 | D        | Found a radiant altar of Vehumet.
   266 | D        | Noticed Sonja
   272 | D        | HP: 1/44 [Sonja (19)]
   272 | D        | Demolished by Sonja

Illustrated notes

Levels and vault maps discovered:
D:        dungeon_sprint_1 [red_sonja_temple_1, red_sonja_temple_small_1]

Skill      XL: |  1  2  3  4 |
---------------+-------------+-----
Fighting       | 4 5 7 |  7.2
Maces & Flails | 3 4 6 |  6.9
Armour         | 4 6 7 |  7.5
Shields        | 4 6 7 |  7.9
Dodging        | |  0.9
Stealth        | |  0.1

Action                   |  1- 3 |  4- 6 || total
-------------------------+-------+-------++-------
Melee: Flail             |    28 |    17 ||    45
Armor: Scale mail        |     9 |     8 ||    17
Dodge: Dodged            |     8 |     7 ||    15
Block: Kite shield       |    18 |     8 ||    26
